[Event "Titled Tuesday Blitz May 03 Late 2022"]
[White "Bifulco, Michel"]
[Black "Yurovskykh, Oleksandr"]
[WhiteFideId "828580"]
[BlackFideId "14134020"]
[WhiteElo "2165"]
[BlackElo "2292"]
[Result "1-0"]
[Round "06"]
[TimeControl "180+1"]
[Date "2022.05.03"]
[WhiteClock "0:02:01"]
[BlackClock "0:00:04"]

1. d4 d5 2. Nc3 Nf6 3. Bf4 e6 4. Nb5 Na6 5. e3 c6 6. Nc3 Nc7 7. a3 Bd6 8. Nf3 Bxf4 9. exf4 O-O 10. Ne5 Nd7 11. Bd3 f6 12. Qh5 f5 13. O-O-O Nf6 14. Qh3 Ne4 15. Rdf1 Ne8 16. f3 Nxc3 17. bxc3 Nd6 18. g4 Qa5 19. Kd2 Nb5 20. Bxb5 Qxb5 21. Rhg1 c5 22. gxf5 exf5 23. Qh6 g6 24. Rxg6+ 1-0


[Site "https://www.chess.com"]

[Event "Titled Tuesday Blitz May 03 Late 2022"]
[White "Mandura, Tijana"]
[Black "Vasquez Schroeder, Rodrigo"]
[WhiteFideId "16500270"]
[BlackFideId "3400042"]
[WhiteElo "2169"]
[BlackElo "2561"]
[Result "0-1"]
[Round "06"]
[TimeControl "180+1"]
[Date "2022.05.03"]
[WhiteClock "0:00:36"]
[BlackClock "0:00:17"]

1. e4 c5 2. Nf3 d6 3. Bb5+ Bd7 4. c4 Nc6 5. d4 cxd4 6. Nxd4 Nf6 7. Nc3 g6 8. O-O Bg7 9. Be3 O-O 10. Bxc6 bxc6 11. c5 Re8 12. cxd6 exd6 13. Qd3 Ng4 14. Bf4 Ne5 15. Qa6 Qb6 16. Qxb6 axb6 17. Rfd1 Bf8 18. Rac1 b5 19. a3 Nc4 20. Rc2 Bg7 21. Kf1 Bf8 22. h4 h5 23. Nf3 Bg4 24. Rd3 Rab8 25. Na2 Rxe4 26. Bg5 Rbe8 27. Nb4 Bd7 28. g3 d5 29. Nd4 c5 30. Nxd5 Bh3+ 31. Kg1 cxd4 32. Nf6+ Kg7 33. Nxe8+ Rxe8 34. Rxd4 Bf5 35. Rc3 Nxb2 36. Rb3 Bc5 37. Rd5 Re1+ 38. Kh2 Be4 39. f3 Bxd5 40. Rxb2 Bxf3 41. Rxb5 Rh1# 0-1


[Site "https://www.chess.com"]

[Event "Titled Tuesday Blitz May 03 Late 2022"]
[White "Burke, Paul"]
[Black "Sailer, Mike"]
[WhiteFideId "2605767"]
[BlackFideId "2012901"]
[WhiteElo "1847"]
[BlackElo "2109"]
[Result "1-0"]
[Round "06"]
[TimeControl "180+1"]
[Date "2022.05.03"]
[WhiteClock "0:00:13"]
[BlackClock "0:00:01"]

1. e4 d5 2. exd5 Qxd5 3. d4 Nc6 4. Nf3 Bg4 5. Be2 Bxf3 6. Bxf3 Qd7 7. d5 Ne5 8. O-O Nxf3+ 9. Qxf3 Nf6 10. c4 g6 11. Nc3 Bg7 12. Be3 O-O 13. Rad1 Rfe8 14. h3 a6 15. Rfe1 Rac8 16. c5 Qf5 17. Qxf5 gxf5 18. Bg5 Kf8 19. Bxf6 Bxf6 20. Na4 Red8 21. Re2 Rd7 22. d6 exd6 23. cxd6 Rxd6 24. Rxd6 cxd6 25. Nb6 Rc6 26. Nd7+ Kg7 27. Nxf6 Kxf6 28. f3 Rc5 29. Kf2 Re5 30. Rd2 Ke6 31. g3 Rc5 32. Re2+ Kd7 33. Rd2 b5 34. h4 a5 35. Ke3 b4 36. Kf4 a4 37. Kg5 Kc6 38. Kf6 1-0


[Site "https://www.chess.com"]

[Event "Titled Tuesday Blitz May 03 Late 2022"]
[White "Carrasco Miranda, Andres"]
[Black "Mogranzini, Roberto"]
[WhiteFideId "3405990"]
[BlackFideId "810894"]
[WhiteElo "2177"]
[BlackElo "2469"]
[Result "0-1"]
[Round "06"]
[TimeControl "180+1"]
[Date "2022.05.03"]
[WhiteClock "0:00:26"]
[BlackClock "0:00:48"]

1. d4 Nf6 2. c4 d6 3. Nf3 g6 4. Nc3 Bf5 5. g3 Bg7 6. Bg2 Ne4 7. Nxe4 Bxe4 8. O-O O-O 9. Bh3 Bxf3 10. exf3 e6 11. Be3 c6 12. Qd2 d5 13. Rac1 Nd7 14. c5 Re8 15. Bg5 Bf6 16. f4 Qe7 17. Rfe1 Qf8 18. Bxf6 Nxf6 19. Bg2 Nd7 20. Re3 Rec8 21. Rb3 b6 22. cxb6 axb6 23. a3 c5 24. g4 cxd4 25. f5 Rxc1+ 26. Qxc1 Qc5 27. Qh6 Rc8 28. Rh3 Qc1+ 29. Qxc1 Rxc1+ 30. Bf1 e5 31. Kg2 e4 32. Bb5 Ne5 33. Rb3 Kg7 34. Be8 d3 35. f4 exf3+ 36. Kg3 gxf5 37. Ba4 f4+ 38. Kf2 Rc2+ 39. Ke1 f2+ 40. Kf1 Nxg4 41. Rxd3 Rc1+ 42. Bd1 Ne3+ 43. Kxf2 Rxd1 44. Rb3 Kf6 45. Rxb6+ Ke5 46. Rb7 Ng4+ 47. Ke2 Rh1 48. Rxf7 Ke4 49. Re7+ Ne5 50. Rxh7 d4 51. a4 Rb1 52. Rb7 f3+ 53. Kf2 Rc1 54. a5 Rc2+ 55. Kf1 Ke3 56. Rb3+ d3 57. Rc3 Rxb2 58. Rc1 d2 59. Ra1 Rc2 60. Ra3+ Nd3 0-1


[Site "https://www.chess.com"]

[Event "Titled Tuesday Blitz May 03 Late 2022"]
[White "Castillo Pena, Patricia Evarista"]
[Black "Stanisz, Patryk"]
[WhiteFideId "6412106"]
[BlackFideId "1123106"]
[WhiteElo "1918"]
[BlackElo "1833"]
[Result "0-1"]
[Round "06"]
[TimeControl "180+1"]
[Date "2022.05.03"]
[WhiteClock "0:00:08"]
[BlackClock "0:00:14"]

1. d4 d5 2. Nf3 Nf6 3. e3 c5 4. Bd3 c4 5. Be2 Nc6 6. b3 cxb3 7. axb3 Bg4 8. Nbd2 e6 9. O-O Bd6 10. h3 Bh5 11. Ba3 O-O 12. Bd3 Bxa3 13. Rxa3 Qe7 14. Ra1 Rfd8 15. Qb1 e5 16. dxe5 Nxe5 17. Nxe5 Qxe5 18. Re1 a6 19. c4 Qd6 20. Nf1 Rac8 21. Bf5 Bg6 22. cxd5 Qxd5 23. Bxg6 hxg6 24. Ng3 Qd3 25. Rd1 Qb5 26. Qb2 Rd3 27. Rxd3 Qxd3 28. Rc1 Rxc1+ 29. Qxc1 Qxb3 30. Qc8+ Kh7 31. Qc7 b5 32. Qe5 a5 33. Kh2 a4 34. Ne4 Nxe4 35. Qxe4 Qc4 36. Qb1 a3 0-1


[Site "https://www.chess.com"]

[Event "Titled Tuesday Blitz May 03 Late 2022"]
[White "Deac, Bogdan-Daniel"]
[Black "Moiseenko, Alexander"]
[WhiteFideId "1226380"]
[BlackFideId "14102560"]
[WhiteElo "2648"]
[BlackElo "2577"]
[Result "1-0"]
[Round "06"]
[TimeControl "180+1"]
[Date "2022.05.03"]
[WhiteClock "0:00:08"]
[BlackClock "0:00:01"]

1. d4 Nf6 2. c4 e6 3. Nc3 Bb4 4. f3 c5 5. d5 d6 6. e4 b5 7. Bd2 a6 8. a4 bxc4 9. Bxc4 O-O 10. Nge2 Nbd7 11. dxe6 Ne5 12. exf7+ Kh8 13. b3 Nxc4 14. bxc4 Be6 15. Nd5 a5 16. O-O Nxd5 17. cxd5 Bxf7 18. Bc3 Rb8 19. Qd2 Qe7 20. Ng3 Bg6 21. Rfe1 Qf6 22. Bxf6 Bxd2 23. Re2 gxf6 24. Rxd2 Rb4 25. Nf1 f5 26. e5 dxe5 27. d6 c4 28. Rd5 Rd8 29. Rxa5 Rxd6 30. Ra8+ Kg7 31. a5 c3 32. Rc8 Ra6 33. Rxc3 Rb5 34. Rca3 f4 35. Nd2 Bf7 36. Ne4 Rb4 37. Nc5 Ra7 38. a6 Rb5 39. Ra5 Rxa5 40. Rxa5 Bc4 41. g3 fxg3 42. hxg3 h6 43. Kf2 Kg6 44. Ke3 Kf5 45. g4+ Kf6 46. Ra4 Bb5 47. Ra3 Bc4 48. Ra5 Bf1 49. Ke4 Be2 50. Ke3 Bf1 51. Nd3 Bxd3 52. Kxd3 Kg5 53. Ke4 Kf6 54. Kd5 Rd7+ 55. Kc6 Ra7 56. Kb6 1-0


[Site "https://www.chess.com"]

[Event "Titled Tuesday Blitz May 03 Late 2022"]
[White "Demchenko, Anton"]
[Black "D`Arruda, Ricardo D."]
[WhiteFideId "4160258"]
[BlackFideId "100692"]
[WhiteElo "2539"]
[BlackElo "2445"]
[Result "1-0"]
[Round "06"]
[TimeControl "180+1"]
[Date "2022.05.03"]
[WhiteClock "0:01:40"]
[BlackClock "0:00:32"]

1. e4 c6 2. d4 d5 3. e5 Bf5 4. Bd3 Bxd3 5. Qxd3 e6 6. c3 Ne7 7. Ne2 Nf5 8. O-O Be7 9. Nd2 Nd7 10. Nf3 Qa5 11. g4 Nh4 12. Nxh4 Bxh4 13. f4 Be7 14. f5 O-O-O 15. b4 Qc7 16. Nf4 Nf8 17. a4 Bg5 18. Nxd5 cxd5 19. Bxg5 Rd7 20. b5 h5 21. f6 gxf6 22. Bxf6 Rg8 23. g5 Ng6 24. a5 Qc4 25. Qxc4+ dxc4 26. Ra4 Rc7 27. b6 Rc6 28. bxa7 Kd7 29. Rb4 Ra8 30. Bg7 Ke8 31. Rxb7 1-0


[Site "https://www.chess.com"]

[Event "Titled Tuesday Blitz May 03 Late 2022"]
[White "Derraugh, Geordie"]
[Black "Barria Zuniga, Daniel"]
[WhiteFideId "2603950"]
[BlackFideId "3400816"]
[WhiteElo "2116"]
[BlackElo "2414"]
[Result "1-0"]
[Round "06"]
[TimeControl "180+1"]
[Date "2022.05.03"]
[WhiteClock "0:00:18"]
[BlackClock "0:00:35"]

1. e4 e6 2. d4 d5 3. Nd2 c5 4. Ngf3 cxd4 5. exd5 Qxd5 6. Bc4 Qd8 7. O-O Nc6 8. Nb3 Nf6 9. Nbxd4 Nxd4 10. Qxd4 Qxd4 11. Nxd4 Bc5 12. Nb3 Bd6 13. Rd1 Ke7 14. Nd4 a6 15. a4 Bd7 16. b3 Rhc8 17. Bb2 g6 18. Nf3 Ne4 19. Rd4 f5 20. Rad1 Bc6 21. R4d3 b5 22. axb5 axb5 23. Bxe6 Kxe6 24. Ng5+ Ke7 25. Nxe4 Bxe4 26. Rxd6 Rxc2 27. Rd7+ Ke8 28. Bf6 Rc1 29. Re7+ Kf8 30. Rxc1 1-0


[Site "https://www.chess.com"]

[Event "Titled Tuesday Blitz May 03 Late 2022"]
[White "Dimakiling, Oliver"]
[Black "Reprintsev, Alexander"]
[WhiteFideId "5202248"]
[BlackFideId "14100541"]
[WhiteElo "2426"]
[BlackElo "2108"]
[Result "1-0"]
[Round "06"]
[TimeControl "180+1"]
[Date "2022.05.03"]
[WhiteClock "0:00:17"]
[BlackClock "0:00:01"]

1. c4 e5 2. Nc3 Nc6 3. g3 Bc5 4. Bg2 Nf6 5. a3 a5 6. Rb1 O-O 7. Nd5 a4 8. Nc3 e4 9. Nxa4 Ba7 10. Nc3 Ne5 11. Nxe4 Nxe4 12. Bxe4 Qf6 13. Nf3 Ng4 14. d4 Re8 15. Qd3 h6 16. Bf5 d5 17. Bxc8 Raxc8 18. cxd5 Qd6 19. O-O Qxd5 20. Bf4 c5 21. dxc5 Qxd3 22. exd3 Rxc5 23. h3 Nf6 24. Be3 Rf5 25. Bxa7 Rxf3 26. Rbd1 Nd5 27. Kg2 Rf5 28. Rfe1 Rd8 29. Be3 f6 30. d4 Nb6 31. Rc1 Rfd5 32. Rc7 R8d7 33. Rec1 Kf7 34. Kf3 Ke6 35. g4 g5 36. Ke4 R5d6 37. R1c5 Nd5 38. Rxd7 Rxd7 39. b4 Rd6 40. b5 Nb6 41. Rc7 Rd7 42. d5+ Rxd5 43. Bxb6 Re5+ 44. Kd3 Rxb5 45. Bd4 Rb3+ 46. Rc3 Rb1 47. Kc2 Rh1 48. Rb3 f5 49. gxf5+ Kxf5 50. Rxb7 Rxh3 51. Be3 Rh1 52. Kb2 h5 53. a4 Rd1 54. a5 Rd6 55. Rb6 Rd8 56. a6 h4 57. Rh6 Kg4 58. a7 h3 59. Kc3 1-0


[Site "https://www.chess.com"]

[Event "Titled Tuesday Blitz May 03 Late 2022"]
[White "Djokic, Mihailo"]
[Black "Wagner, Dennis"]
[WhiteFideId "976440"]
[BlackFideId "24650684"]
[WhiteElo "2202"]
[BlackElo "2355"]
[Result "1-0"]
[Round "06"]
[TimeControl "180+1"]
[Date "2022.05.03"]
[WhiteClock "0:00:05"]
[BlackClock "0:00:04"]

1. e4 c5 2. Nf3 d6 3. d4 cxd4 4. Nxd4 Nf6 5. Nc3 a6 6. Rg1 Nc6 7. g4 h6 8. h4 Nxd4 9. Qxd4 e5 10. Qd1 Be6 11. g5 hxg5 12. hxg5 Nh5 13. Be3 Rc8 14. Rh1 g6 15. Qd2 Be7 16. O-O-O b5 17. Nd5 Bxd5 18. exd5 Rg8 19. Kb1 Kf8 20. Be2 Nf4 21. Bxf4 exf4 22. Qxf4 Bxg5 23. Qg4 Bf6 24. Rh7 Qc7 25. Bd3 Re8 26. a3 Qe7 27. Qf3 Qe5 28. c3 Rh8 29. Rxh8+ Bxh8 30. Bxg6 Qf6 31. Be4 Qxf3 32. Bxf3 Re5 33. Rh1 Bf6 34. Kc2 Rf5 35. Rh3 Rf4 36. Kd3 Bg5 37. Ke2 Kg7 38. Rg3 Kf6 39. Rh3 a5 40. Rh8 b4 41. axb4 axb4 42. Rd8 bxc3 43. bxc3 Ke7 44. Ra8 Rc4 45. Ra7+ Kf6 46. Kd3 Rh4 47. Be4 Rh3+ 48. f3 Rh2 49. Ra6 Ke5 50. Kc4 f5 51. Bd3 Rf2 52. Ra8 Rxf3 53. Re8+ Kf4 54. Rf8 Ke5 55. Re8+ Kf4 56. Re6 Rf2 57. Rxd6 Ra2 58. Rd7 Ra4+ 59. Kb3 Ra8 60. Rf7 Rb8+ 61. Kc2 Ke3 62. Rxf5 Bf4 63. Rf7 Rc8 64. Re7+ Kf3 65. c4 Be3 66. Rf7+ Kg4 67. Bf5+ Kg5 68. Bxc8 1-0


[Site "https://www.chess.com"]

[Event "Titled Tuesday Blitz May 03 Late 2022"]
[White "Donchenko, Anatoly"]
[Black "Zlatin, Alexander"]
[WhiteFideId "4106091"]
[BlackFideId "2810549"]
[WhiteElo "2339"]
[BlackElo "2228"]
[Result "1/2-1/2"]
[Round "06"]
[TimeControl "180+1"]
[Date "2022.05.03"]
[WhiteClock "0:00:20"]
[BlackClock "0:00:04"]

1. Nf3 e6 2. c4 Nf6 3. g3 d5 4. Bg2 c5 5. cxd5 exd5 6. d4 Nc6 7. O-O Be7 8. Nc3 c4 9. Ne5 O-O 10. b3 cxb3 11. axb3 Be6 12. Bg5 a6 13. e3 Rc8 14. Rc1 h6 15. Bxf6 Bxf6 16. Nxc6 bxc6 17. Na4 Be7 18. Nc5 Qb6 19. Qd3 a5 20. Rc3 Qb5 21. Rfc1 Rb8 22. Bf1 Qxd3 23. Rxd3 Bf5 24. Rdc3 Rfc8 25. Bd3 Bh3 26. Bc2 Rb5 27. Ra1 Bxc5 28. Rxc5 Ra8 29. Rxc6 Rab8 30. f3 g6 31. Kf2 h5 32. Ke2 Kg7 33. Kd2 Bd7 34. Rc5 Rxc5 35. dxc5 Rb5 36. e4 dxe4 37. fxe4 Rxc5 38. Bd3 Kf6 39. Ke3 Ke5 40. Ra3 f6 41. Ra2 f5 42. exf5 gxf5 43. Re2 Be6 44. Bc2 Kf6 45. Kd2 Rc6 46. Re3 Rb6 47. Rf3 Rd6+ 48. Kc3 Rc6+ 49. Kb2 Ke5 50. Re3+ Kf6 51. Rf3 Rb6 52. Kc3 Rc6+ 53. Kb2 1/2-1/2


[Site "https://www.chess.com"]

[Event "Titled Tuesday Blitz May 03 Late 2022"]
[White "Drygalov, Sergey"]
[Black "Bordi, Kevin"]
[WhiteFideId "24171743"]
[BlackFideId "621862"]
[WhiteElo "2514"]
[BlackElo "2662"]
[Result "1-0"]
[Round "06"]
[TimeControl "180+1"]
[Date "2022.05.03"]
[WhiteClock "0:01:35"]
[BlackClock "0:00:08"]

1. d4 d5 2. c4 c6 3. Nf3 Nf6 4. e3 Bf5 5. Nc3 e6 6. Nh4 Be4 7. f3 Bg6 8. Bd2 Qb6 9. Qb3 Qxb3 10. axb3 Bc2 11. b4 g5 12. Rc1 Bb3 13. cxd5 gxh4 14. dxe6 Bxe6 15. b5 Bh6 16. Bd3 Nbd7 17. g4 Nd5 18. Kf2 N7b6 19. Ne4 cxb5 20. Bxb5+ Ke7 21. g5 Bg7 22. Nc5 h6 23. gxh6 Bxh6 24. Nxb7 Rac8 25. Nc5 Rhg8 26. h3 Rg3 27. Bf1 Rcg8 28. Ra1 Nc8 29. Ne4 R3g7 30. Ra6 Bf5 31. Nc3 Ndb6 32. Nb5 Bd7 33. Nxa7 Rg3 34. Bb4+ Kd8 35. Nxc8 Nxc8 36. Rxh6 1-0


[Site "https://www.chess.com"]

[Event "Titled Tuesday Blitz May 03 Late 2022"]
[White "Dubov, Daniil"]
[Black "Yuan, Qingyu"]
[WhiteFideId "24126055"]
[BlackFideId "8609772"]
[WhiteElo "2791"]
[BlackElo "2359"]
[Result "1-0"]
[Round "06"]
[TimeControl "180+1"]
[Date "2022.05.03"]
[WhiteClock "0:00:09"]
[BlackClock "0:00:02"]

1. d4 d5 2. c4 e6 3. Nf3 Nf6 4. g3 dxc4 5. Bg2 c5 6. O-O Nc6 7. dxc5 Qxd1 8. Rxd1 Bxc5 9. Nbd2 c3 10. bxc3 O-O 11. Nb3 Be7 12. Nfd4 Nxd4 13. cxd4 Nd5 14. Bd2 f5 15. Na5 b6 16. Nc6 Bf6 17. Nb4 Bb7 18. Nxd5 Bxd5 19. Bxd5 exd5 20. Bf4 Rfe8 21. e3 g5 22. Bc7 Rac8 23. Rdc1 Re7 24. Bd6 Ree8 25. a4 Kf7 26. a5 Ke6 27. Bc7 bxa5 28. Rxa5 Bd8 29. Rxa7 Re7 30. Rc6+ Kf7 31. Bxd8 Rxd8 32. Rxe7+ Kxe7 33. Rc7+ Rd7 34. Rc6 Rd6 35. Rc7+ Rd7 36. Rc8 Rd8 37. Rc5 Kd6 38. h3 f4 39. Kg2 fxe3 40. fxe3 Rf8 41. Ra5 Ke6 42. Rb5 h6 43. g4 Rf6 44. Rb6+ Kf7 45. Rxf6+ Kxf6 46. Kf3 Ke6 47. e4 Kd6 48. e5+ Ke6 49. Ke3 Kd7 50. Kd3 Kc6 51. Kc3 Kb5 52. Kb3 Kc6 53. Kb4 Kb6 54. Ka4 Ka6 55. e6 Kb6 56. e7 1-0


[Site "https://www.chess.com"]

[Event "Titled Tuesday Blitz May 03 Late 2022"]
[White "Ferreira, Vitor Hugo Vieira"]
[Black "Gomez Dieguez, David"]
[WhiteFideId "2119765"]
[BlackFideId "22223630"]
[WhiteElo "2165"]
[BlackElo "2115"]
[Result "1-0"]
[Round "06"]
[TimeControl "180+1"]
[Date "2022.05.03"]
[WhiteClock "0:01:42"]
[BlackClock "0:00:03"]

1. d4 Nf6 2. c4 e6 3. Nf3 d5 4. Nc3 c5 5. Bg5 cxd4 6. Nxd4 e5 7. Nc2 d4 8. Ne4 Be7 9. Nxf6+ Bxf6 10. Bxf6 Qxf6 11. e3 Nc6 12. exd4 exd4 13. Bd3 O-O 14. O-O Be6 15. Qd2 a5 16. Rad1 Rfd8 17. b3 g6 18. Be4 Rac8 19. Bxc6 bxc6 20. Qxa5 Ra8 21. Qc5 d3 22. Nb4 d2 23. Nxc6 Rd3 24. Ne5 Rc8 25. Nxd3 Rxc5 26. Nxc5 Qd4 27. Nxe6 fxe6 28. Ra1 Qc3 29. a4 Qxb3 30. a5 Qxc4 31. a6 Qc8 32. a7 Qa8 33. Rfb1 Kg7 34. Ra2 Kh6 35. Rd1 Qe4 36. Raxd2 Qa4 37. Rd7 e5 38. g3 e4 39. R1d4 Qa1+ 40. Kg2 e3 41. Rh4+ Kg5 42. fxe3 Qa2+ 43. Kf3 1-0


[Site "https://www.chess.com"]

[Event "Titled Tuesday Blitz May 03 Late 2022"]
[White "Gascon Del Nogal, Jose Rafael"]
[Black "Ansh M Shah"]
[WhiteFideId "3902463"]
[BlackFideId "25033379"]
[WhiteElo "2473"]
[BlackElo "1819"]
[Result "1-0"]
[Round "06"]
[TimeControl "180+1"]
[Date "2022.05.03"]
[WhiteClock "0:02:11"]
[BlackClock "0:02:12"]

1. c4 e5 2. Nc3 Nc6 3. g3 Nf6 4. Bg2 d6 5. e4 g6 6. Nge2 Bg7 7. d3 O-O 8. O-O a6 9. h3 Nh5 10. Kh2 Nd4 11. Nxd4 exd4 12. Ne2 f5 13. exf5 gxf5 14. Bf3 Nf6 15. Bg5 h6 16. Bh4 c5 17. Nf4 Qc7 18. Re1 Bd7 19. Bxf6 Bxf6 20. Bd5+ Kh7 21. Qh5 Bg7 22. Qg6+ Kh8 23. Re7 Rg8 24. Rxg7 Rxg7 25. Qxh6+ Rh7 26. Ng6# 1-0


[Site "https://www.chess.com"]

[Event "Titled Tuesday Blitz May 03 Late 2022"]
[White "Gombocz, Ferenc Jr."]
[Black "Mangialardo, Tiago Carvalho"]
[WhiteFideId "775029"]
[BlackFideId "2130718"]
[WhiteElo "1913"]
[BlackElo "2121"]
[Result "1-0"]
[Round "06"]
[TimeControl "180+1"]
[Date "2022.05.03"]
[WhiteClock "0:02:11"]
[BlackClock "0:00:09"]

1. c4 Nf6 2. g3 e6 3. Bg2 d5 4. Nf3 c6 5. O-O Be7 6. b3 O-O 7. Bb2 Nbd7 8. d4 Re8 9. Nbd2 Nf8 10. Qc2 Ng6 11. Rfe1 Bd6 12. e4 dxe4 13. Nxe4 Nxe4 14. Qxe4 a5 15. Rad1 Bd7 16. h4 a4 17. h5 Nf8 18. Ne5 Qf6 19. d5 cxd5 20. cxd5 exd5 21. Nxd7 Qxb2 22. Qxe8 Rxe8 23. Rxe8 axb3 24. axb3 Qxb3 25. Rxd5 Qa3 26. Rxd6 Qxd6 27. Rxf8+ Qxf8 28. Nxf8 Kxf8 29. Bxb7 Ke7 30. Kg2 g6 31. hxg6 hxg6 32. g4 Kf6 33. Kg3 Ke5 34. f4+ Ke6 35. Ba6 f6 36. Bc4+ Ke7 37. Kf3 Kd6 38. Ke4 Kc5 39. Bf7 g5 40. fxg5 fxg5 41. Kf5 Kd6 42. Kxg5 Ke7 43. Kg6 Kf8 44. Bb3 Ke7 45. Kg7 1-0


[Site "https://www.chess.com"]

[Event "Titled Tuesday Blitz May 03 Late 2022"]
[White "Gutierrez Olivares, Daniel"]
[Black "Kim, Sergey"]
[WhiteFideId "2264005"]
[BlackFideId "13700570"]
[WhiteElo "2317"]
[BlackElo "2527"]
[Result "0-1"]
[Round "06"]
[TimeControl "180+1"]
[Date "2022.05.03"]
[WhiteClock "0:00:03"]
[BlackClock "0:00:09"]

1. Nf3 Nf6 2. g3 g6 3. c4 Bg7 4. Bg2 O-O 5. O-O d6 6. Nc3 e5 7. b4 Nh5 8. a4 f5 9. Qb3 e4 10. Ne1 Be6 11. Bb2 Nc6 12. d3 Ne5 13. f4 Ng4 14. Nc2 exd3 15. exd3 c6 16. a5 a6 17. Rae1 Bf7 18. h3 Ngf6 19. Kh2 Re8 20. d4 Qd7 21. d5 Rxe1 22. Rxe1 Re8 23. Rxe8+ Qxe8 24. dxc6 bxc6 25. Qa4 Ne4 26. Nxe4 fxe4 27. Bxg7 Nxg7 28. Nd4 Bxc4 29. Qxc6 Qxc6 30. Nxc6 e3 31. Kg1 Nf5 32. g4 Nh4 33. Bd5+ Bxd5 34. Ne7+ Kf7 35. Nxd5 Nf3+ 36. Kf1 Nd2+ 37. Ke2 Ke6 38. Nxe3 Ne4 39. f5+ Ke5 40. Kd3 d5 41. fxg6 hxg6 42. Nd1 g5 43. Ke3 d4+ 44. Kd3 Kd5 45. b5 axb5 46. a6 Nc5+ 47. Kd2 Nxa6 48. Nb2 Nc5 49. Nd3 Nxd3 50. Kxd3 b4 51. Kc2 Ke4 52. Kb3 d3 53. h4 gxh4 54. g5 Kf5 55. g6 Kxg6 0-1


[Site "https://www.chess.com"]

[Event "Titled Tuesday Blitz May 03 Late 2022"]
[White "Hambleton, Aman"]
[Black "Skawinski, Arkadiusz"]
[WhiteFideId "2606577"]
[BlackFideId "1126415"]
[WhiteElo "2552"]
[BlackElo "2222"]
[Result "1-0"]
[Round "06"]
[TimeControl "180+1"]
[Date "2022.05.03"]
[WhiteClock "0:00:03"]
[BlackClock "0:00:10"]

1. d4 d5 2. Bf4 Nf6 3. e3 c5 4. c3 Nc6 5. Nd2 e6 6. Ngf3 cxd4 7. exd4 Nh5 8. Bg5 f6 9. Be3 Bd6 10. g3 f5 11. Ne5 g6 12. Ndf3 O-O 13. Bh6 Re8 14. Bd3 Qc7 15. Qe2 Nf6 16. Bf4 Ne4 17. Nxc6 bxc6 18. Bxd6 Qxd6 19. Ne5 c5 20. O-O a5 21. f3 Nf6 22. dxc5 Qxc5+ 23. Qf2 Qc7 24. Rfe1 Rb8 25. Rad1 Kg7 26. Rd2 Qb6 27. g4 Nd7 28. gxf5 Qxf2+ 29. Kxf2 Nxe5 30. Rxe5 Kf6 31. f4 gxf5 32. Bxf5 Bd7 33. Bd3 Rg8 34. Rh5 Rg7 35. Rh6+ Ke7 36. f5 Rf8 37. Re2 Rf6 38. Rxf6 Kxf6 39. fxe6 Bxe6 40. Ke3 h6 41. Kd4 Rg4+ 42. Kc5 Rh4 43. a3 Bf7 44. Rf2+ Ke7 45. b4 axb4 46. axb4 Rh5 47. Re2+ Kf6 48. Rf2+ Ke7 49. b5 d4+ 50. Kxd4 Rd5+ 51. Ke3 Rc5 52. c4 Re5+ 53. Kd4 Rh5 54. Be4 Be6 55. Bd5 Rh4+ 56. Kc5 1-0


[Site "https://www.chess.com"]

[Event "Titled Tuesday Blitz May 03 Late 2022"]
[White "Hernandez Bermudez, Ulises Eduardo"]
[Black "Turutin, Alexander"]
[WhiteFideId "3902510"]
[BlackFideId "4180623"]
[WhiteElo "2056"]
[BlackElo "2402"]
[Result "0-1"]
[Round "06"]
[TimeControl "180+1"]
[Date "2022.05.03"]
[WhiteClock "0:00:17"]
[BlackClock "0:00:29"]

1. e4 c5 2. c3 Nf6 3. e5 Nd5 4. d4 cxd4 5. Qxd4 e6 6. Nf3 Nc6 7. Qe4 f5 8. Qe2 Be7 9. g3 O-O 10. Bg2 b5 11. O-O Rb8 12. Rd1 Qc7 13. Nbd2 Bb7 14. Nb3 a6 15. Nbd4 f4 16. a3 fxg3 17. hxg3 Nxd4 18. Nxd4 Bc5 19. Bg5 h6 20. Bd2 Bxd4 21. cxd4 Rbc8 22. Qg4 Qc2 23. Be4 Ne3 24. Bxe3 Qxe4 25. Qf4 Qg2# 0-1


[Site "https://www.chess.com"]

[Event "Titled Tuesday Blitz May 03 Late 2022"]
[White "Herrera Reyes, Jose Antonio"]
[Black "Jacobson, Aaron"]
[WhiteFideId "2274914"]
[BlackFideId "2089912"]
[WhiteElo "2361"]
[BlackElo "2265"]
[Result "1-0"]
[Round "06"]
[TimeControl "180+1"]
[Date "2022.05.03"]
[WhiteClock "0:01:21"]
[BlackClock "0:00:13"]

1. Nf3 d5 2. g3 Nc6 3. Bg2 e5 4. O-O e4 5. Ne1 h5 6. c4 h4 7. cxd5 Qxd5 8. Nc3 Qh5 9. e3 Bg4 10. Qb3 hxg3 11. fxg3 Qxh2+ 12. Kf2 Bd6 13. Nxe4 Rh3 14. Rh1 Bxg3+ 15. Kf1 Qxh1+ 16. Bxh1 Rxh1+ 17. Kg2 Rxe1 18. Qxb7 Nge7 19. Qxa8+ Bc8 20. Nxg3 g6 21. b3 f5 22. Bb2 Rxa1 23. Bxa1 Kf7 24. d4 Ke6 25. Ne2 a6 26. Nf4+ Kd6 27. Bb2 g5 28. Ba3+ Kd7 29. Nd3 Nd5 30. Nc5+ Kd8 31. Qxc6 Nxe3+ 32. Kf2 Ng4+ 33. Ke2 Ne5 34. Qf6+ Ke8 35. Qxe5+ Kf7 36. Qxc7+ Kg6 37. Qxc8 Kh5 38. Qxf5 a5 39. Ne4 Kh4 40. Qxg5+ Kh3 41. Qg3# 1-0


[Site "https://www.chess.com"]

[Event "Titled Tuesday Blitz May 03 Late 2022"]
[White "Ibarra Jerez, Jose Carlos"]
[Black "Andreikin, Dmitry"]
[WhiteFideId "2226332"]
[BlackFideId "4158814"]
[WhiteElo "2626"]
[BlackElo "2736"]
[Result "0-1"]
[Round "06"]
[TimeControl "180+1"]
[Date "2022.05.03"]
[WhiteClock "0:00:10"]
[BlackClock "0:00:23"]

1. e4 c5 2. Nc3 g6 3. Nf3 Bg7 4. d4 cxd4 5. Nxd4 Nc6 6. Be3 Nf6 7. Bc4 O-O 8. Bb3 d6 9. f3 Bd7 10. h4 Rc8 11. Qd2 Ne5 12. g4 b5 13. O-O-O b4 14. Nd5 Nxd5 15. exd5 a5 16. Nc6 Nxc6 17. dxc6 Bxc6 18. Bh6 a4 19. Bd5 Bxd5 20. Bxg7 Bxf3 21. Bxf8 Bxd1 22. Rxd1 b3 23. axb3 axb3 24. c3 Qa5 25. Qd3 Rxf8 26. Kd2 Rc8 27. Qe4 d5 28. Qe5 Qa2 29. c4 dxc4 30. Qc3 Rd8+ 31. Ke2 Rxd1 32. Kxd1 Qb1+ 33. Kd2 Qe4 34. Qg3 Qd4+ 35. Kc1 e5 36. h5 Qf4+ 37. Qxf4 exf4 38. h6 f3 0-1


[Site "https://www.chess.com"]

[Event "Titled Tuesday Blitz May 03 Late 2022"]
[White "Itkis, Boris"]
[Black "Bibasa, Bob"]
[WhiteFideId "1209167"]
[BlackFideId "10000240"]
[WhiteElo "2207"]
[BlackElo "2056"]
[Result "1-0"]
[Round "06"]
[TimeControl "180+1"]
[Date "2022.05.03"]
[WhiteClock "0:01:44"]
[BlackClock "0:01:25"]

1. c4 c5 2. Nc3 Nc6 3. Nf3 g6 4. e3 Nf6 5. d4 cxd4 6. exd4 d5 7. cxd5 Nxd5 8. Qb3 Nxc3 9. Bc4 e6 10. bxc3 Na5 11. Qa4+ Bd7 12. Bb5 Nc6 13. O-O a6 14. Be2 Bd6 15. Bh6 Ne7 16. Qb3 Bc6 17. Bg7 Rg8 18. Be5 Qd7 19. Bxd6 Qxd6 20. Ne5 Kf8 21. Nxc6 Nxc6 22. Qxb7 Ra7 23. Qb6 Kg7 24. Bf3 Rc7 25. Qxa6 Qd7 26. Rfd1 Ra7 27. Qxc6 Qd6 28. Qxd6 1-0


[Site "https://www.chess.com"]

[Event "Titled Tuesday Blitz May 03 Late 2022"]
[White "Janaszak, Dawid"]
[Black "Svane, Rasmus"]
[WhiteFideId "1119206"]
[BlackFideId "4657101"]
[WhiteElo "2199"]
[BlackElo "2645"]
[Result "0-1"]
[Round "06"]
[TimeControl "180+1"]
[Date "2022.05.03"]
[WhiteClock "0:00:01"]
[BlackClock "0:00:05"]

1. e4 c6 2. d4 d5 3. exd5 cxd5 4. Bd3 Nc6 5. c3 Nf6 6. Bf4 Bg4 7. Qb3 Qd7 8. Nd2 e6 9. Ngf3 Bd6 10. Bxd6 Qxd6 11. O-O O-O 12. Rae1 Ne7 13. Ne5 Bf5 14. h3 Rab8 15. f4 b5 16. g4 Bxd3 17. Nxd3 a5 18. a3 Rfc8 19. Re2 b4 20. Nc5 Nc6 21. axb4 axb4 22. Qd1 Nd7 23. Ndb3 Nxc5 24. Nxc5 Na5 25. Qd3 bxc3 26. bxc3 Nb3 27. Na6 Rb7 28. f5 exf5 29. Qxf5 Rf8 30. Nb4 Nxd4 31. cxd4 Rxb4 32. Qe5 Qxe5 33. dxe5 Rd8 34. e6 fxe6 35. Rxe6 Rb7 36. Rd1 h6 37. Rd3 Rb2 38. Re4 Rc8 39. Red4 Rc1+ 40. Rd1 Rc3 41. Rxd5 Rg3+ 42. Kf1 Rxh3 43. Kg1 Rg3+ 44. Kh1 Rxg4 45. Rd8+ Kh7 46. Rh8+ Kxh8 47. Rd8+ Kh7 48. Rh8+ Kg6 49. Rxh6+ Kg5 50. Rg6+ Kf4 51. Rf6+ Ke4 52. Re6+ Kf3 53. Re3+ Kf2 54. Re2+ Rxe2 0-1


[Site "https://www.chess.com"]